 Dungeon Crawl Stone Soup version 0.23-a0-242-g2b5ca64 (webtiles) character file.

4 Amnesiac the Insei (level 1, 0/16 HPs)
             Began as a Demigod Transmuter on Sept 28, 2018.
             Slain by a kobold
             ... wielding a +0 vampiric short sword
              (4 damage)
             ... on level 1 of the Dungeon.
             The game lasted 00:00:28 (115 turns).

Amnesiac the Insei (Demigod Transmuter)              Turns: 115, Time: 00:00:29

Health: 0/16       AC:  2    Str: 13    XL:     1   Next: 46%
Magic:  4/5        EV: 12    Int: 17    God:
Gold:   22         SH:  0    Dex: 16    Spells: 2/3 levels left

rFire    . . .     SeeInvis .     - Unarmed
rCold    . . .     Gourm    .   (no shield)
rNeg     . . .     Faith    .   b - +0 robe
rPois    .         Spirit   .   (no helmet)
rElec    .         Reflect  .   (no cloak)
rCorr    .         Harm     .   (no gloves)
MR       .....                  (boots currently unavailable)
Stlth    +.........             (no amulet)
HPRegen  0.05/turn              (no ring)
MPRegen  0.09/turn              (no ring)

@: appendage (expiring)
A: talons 3, high mp 1
a: End Transformation


You were on level 1 of the Dungeon.
You were not hungry.
You had grown temporary talons.
You visited 1 branch of the dungeon, and saw 1 of its levels.

You collected 22 gold pieces.

Inventory:

Missiles
 a - 12 arrows
Armour
 b - a +0 robe (worn)
Potions
 c - 2 potions of invisibility {!q, unknown}
Comestibles
 d - 2 rations
 f - 3 chunks of flesh


   Skills:
 - Level 1.0 Fighting
 + Level 1.8 Dodging
 + Level 2.7 Unarmed Combat
 + Level 1.8 Spellcasting
 * Level 1.9 Transmutations


You had 2 spell levels left.
You knew the following spells:

 Your Spells              Type           Power        Failure   Level  Hunger
a - Beastly Appendage     Tmut           #.....       9%          1    #......

Your spell library contained the following spells:

 Spells                   Type           Power        Failure   Level  Hunger
 Sticks to Snakes         Tmut           #.......     13%         2    ###....
 Spider Form              Tmut/Pois      #.........   36%         3    ###....
 Ice Form                 Ice/Tmut       #.......     78%         4    #####..
 Blade Hands              Tmut           #.........   94%         5    ######.


Dungeon Overview and Level Annotations

Branches:
Dungeon (1/15)


Innate Abilities, Weirdness & Mutations

You have an increased reservoir of magic. (+10% MP)
You have claws for feet.


Message History

The kobold hits you but does no damage.
You hear a shout! x2; You hear an angry hiss.
You barely miss the kobold.
A frilled lizard comes into view.
A kobold comes into view. It is wielding a vampiric short sword.
The kobold barely misses you.
The frilled lizard hisses angrily.
You hit the kobold.
You kill the kobold!
Training target 1.0 for Fighting reached!
Your Fighting skill increases to level 1!
A hobgoblin comes into view.
A ball python comes into view.
Things that are here:
a stone; a kobold corpse A bat comes into view.
A kobold comes into view. It is wielding a whip.
The kobold hits you with a vampiric short sword.
The bat moves out of view.
You barely miss the kobold.
The kobold shouts!
The kobold hits you but does no damage.
The ball python hisses angrily.
You hit the kobold but do no damage.
The kobold hits you with a vampiric short sword!
* * * LOW HITPOINT WARNING * * *
You are too injured to fight recklessly!
You are too injured to fight recklessly!
You are too injured to fight recklessly!
You are too injured to fight recklessly!
You are too injured to fight recklessly!
You are too injured to fight recklessly!
You are too injured to fight recklessly!
You are too injured to fight recklessly!
You are too injured to fight recklessly!
You are too injured to fight recklessly!
You are too injured to fight recklessly!
You are too injured to fight recklessly!
You are too injured to fight recklessly!
You are too injured to fight recklessly!
You are too injured to fight recklessly!
You are too injured to fight recklessly!
You are too injured to fight recklessly!
You barely miss the kobold. You claw the kobold.
The kobold is moderately wounded.
Your transformation is almost over.
The kobold hits you but does no damage.
You closely miss the kobold.
The kobold is moderately wounded.
The kobold barely misses you.
Unknown command.
Press: ? - help, v - describe, . - travel
Here: a kobold, wielding a vampiric short sword (moderately wounded)
The floor.
You hit the kobold but do no damage.
The kobold is moderately wounded.
The kobold misses you.
You barely miss the kobold.
The kobold is moderately wounded.
The kobold closely misses you.
You hit the kobold.
The kobold is severely wounded.
The kobold hits you with a vampiric short sword.
You die...

#. #...# ..
###.# .. #.##
#..## ##..###
. ##...###.###
###...)....
####(...#####
#lK@>#...#
...Kbg####...#
....# .#.# ...
.#.# . .# . ##
##


You could see a hobgoblin, a bat, 2 kobolds and a frilled lizard.

Vanquished Creatures
  A goblin (D:1)
  A kobold (D:1)
  2 bats (D:1)
  A rat (D:1)
5 creatures vanquished.

Notes
Turn   | Place    | Note
-------+----------+-------------------------------------------
     0 | D:1      | Amnesiac the Demigod Transmuter began the quest for the
                  | Orb.
     0 | D:1      | Reached XP level 1. HP: 15/15 MP: 5/5
   106 | D:1      | Reached skill level 1 in Fighting
   115 | D:1      | Slain by a kobold

Vault maps used:
D:1:      sevenhm_arrival_forest_fort_large_2

Skill      XL: |  1 |
---------------+----+-----
Fighting       | 1 |  1.0
Dodging        | |  1.8
Unarmed Combat | |  2.7
Spellcasting   | |  1.8
Transmutations | |  1.9

Action                   || total
-------------------------++-------
Melee: Unarmed           ||    17
       Kick              ||     2
       Headbutt          ||     1
 Cast: Beastly Appendage ||     5
 Stab: Sleeping          ||     1
Armor: Robe              ||     4
Dodge: Dodged            ||    11

Table legend:
 A = Non-vault XP
 B = Vault XP
 C = Vault XP percentage of total XP
 D = Non-vault monster count
 E = Vault monster count
 F = Vault count percentage of total count
                 A         B        C        D         E       F
            +---------+---------+-------+---------+---------+-------
      Total |       7 |       0 |   0.0 |       5 |       0 |   0.0
            +---------+---------+-------+---------+---------+-------
        D:1 |       7 |       0 |   0.0 |       5 |       0 |   0.0
            +---------+---------+-------+---------+---------+-------
